 Dungeon Crawl Stone Soup version 0.28.0-47-ge53b351184 (webtiles) character file.

Game seed: 5310490307748373856

109 101zpm the Magician (level 5, -4/35 HPs)
             Began as a Djinni Fire Elementalist on May 4, 2022.
             Slain by Edmund
             ... wielding a +4 dire flail of protection
              (7 damage)
             ... on level 3 of the Dungeon.
             The game lasted 00:05:23 (3597 turns).

101zpm the Magician (Djinni Fire Elementalist)      Turns: 3597, Time: 00:05:24

Health: -4/35      AC:  2    Str:  6 (7)  XL:     5   Next: 13%
Gold:   110        EV: 12    Int: 16 (18) God:
                   SH:  0    Dex: 12 (14)

rFire   + + .      SeeInvis .   (no weapon)
rCold   x . .      Faith    .   (no shield)
rNeg    . . .      Spirit   .   a - +0 robe
rPois   ∞          Reflect  .   (no helmet)
rElec   .          Harm     .   (no cloak)
rCorr   .          Rampage  .   (no gloves)
Will    .....                   (boots unavailable)
Stlth   ++........              (no amulet)
HPRegen 0.11/turn               (no ring)
MPRegen 0.00/turn               (no ring)

@: flying
A: sickness immunity, fire resistance 2, cold vulnerability 1, float, innate
caster, HP casting, extra vitality 1
a: no special abilities


You were on level 3 of the Dungeon.
You visited 1 branch of the dungeon, and saw 4 of its levels.

You collected 110 gold pieces.

Inventory:

Missiles
 b - 21 stones
Armour
 a - a +0 robe (worn)
Scrolls
 i - 2 scrolls of enchant weapon
Potions
 c - a potion of degeneration
 d - a potion of cancellation {unknown}
 e - a potion of resistance {unknown}
 g - a potion of curing {unknown}
 h - a potion of attraction {unknown}
 j - a potion of might {unknown}


   Skills:
 + Level 2.4 Dodging
 + Level 2.0 Stealth
 + Level 4.0 Spellcasting


You couldn't memorise any spells.
You knew the following spells:

 Your Spells              Type           Power      Damage    Failure   Level
a - Foxfire               Conj/Fire      64%        2x1d7     3%          1
b - Scorch                Fire           32%        2d7       4%          2
c - Conjure Flame         Conj/Fire      16%        6-21      10%         3
d - Inner Flame           Hex/Fire       16%        N/A       10%         3
e - Flame Wave            Conj/Fire      16%        2d6       32%         4
f - Pain                  Necr           64%        1d7       3%          1
g - Corpse Rot            Necr/Air       32%        N/A       4%          2
Your spell library was empty.

Dungeon Overview and Level Annotations

Branches:
Dungeon (4/15)
 Temple: D:4-7

Altars:
Makhleb

Annotations:
D:3 Edmund


Innate Abilities, Weirdness & Mutations

You are immune to sickness and miasma.
You are immune to poison.
Your flesh is very heat resistant. (rF++)
You are vulnerable to cold. (rC-)
You float through the air rather than walking.
You learn spells naturally, not from books.
Your magical power is your life essence.
You have superior vitality. (+4 MHP)


Message History

Your foxfire dissipates!
You fly upwards.
There is a stone staircase leading down here.
You start resting.
HP restored.
You fly downwards.
Level annotation: Edmund Edmund says, "Everyone always remembers my brother. 'Who's Edmund?' they ask!"
Edmund hits you with a +4 dire flail of protection.
An orc comes into view. It is wielding a +0 club.
There is a stone staircase leading up here.
Edmund hits you with a +4 dire flail of protection!
The adder closely misses you.
You fly upwards.
There is a stone staircase leading down here.
Casting: Foxfire (safe; 2% risk of failure)
Press: ? - help, Q - select action, (/) - cycle Dir - look around, f - activate You conjure some foxfire!
Edmund misses you.
Casting: Foxfire (safe; 2% risk of failure)
Confirm with . or Enter, or press ? or * to list all spells.
Flames lash Edmund.
Edmund is moderately wounded.
Edmund's fire resistance burns away.
Edmund barely misses you.
Casting: Scorch (safe; 4% risk of failure)
Confirm with . or Enter, or press ? or * to list all spells.
Flames lash Edmund.
Edmund is burned terribly!
Edmund is heavily wounded.
Edmund hits you with a +4 dire flail of protection!
* * * LOW HITPOINT WARNING * * *
Your foxfire dissipates!
As you read the scroll labelled QAGACS KAATI, it crumbles to dust.
It is a scroll of identify.
i - 2 scrolls of enchant weapon Edmund closely misses you.
It was a potion of degeneration.
There was something very wrong with that liquid.
You feel weakened.
You feel dopey.
You feel clumsy.
Edmund hits you with a +4 dire flail of protection!
You die...

###..# #.#####.######.###.#
###..#########.#####.######.#
#.#
.##.........................#
#.#
#....#########.#.############
#.# ##.#.........[.#.# #.#
#.)..###########># #.# .#..##
#.# #.# .#..# #@# #.# ##..#
#@# ########## #.# ##..#
###.# #........# #.# #..#
#...# #..#####.# #.# ##..#
#.#####''#####.# #.# ....#
#.##........##.# #.# ##..#
###..........### #.# #.##
##............####.. #.#
##..............##... #.#
##................####


You could see Edmund (combustible).

Vanquished Creatures
  A centaur skeleton (D:4)
  4 adders
  A worm (D:2)
  2 dart slugs
  An orc (D:4)
  4 bats
  3 endoplasms
  A giant cockroach (D:2)
  4 goblins
  2 hobgoblins (D:2)
  4 jackals (D:2)
  3 quokkas (D:3)
  3 ball pythons
  2 frilled lizards
  A kobold (D:2)
  2 rats
38 creatures vanquished.

Vanquished Creatures (others)
  198 foxfires
198 creatures vanquished.

Grand Total: 236 creatures vanquished

Notes
Turn   | Place    | Note
-------+----------+-------------------------------------------
     0 | D:1      | 101zpm the Djinni Fire Elementalist began the quest for the
                  | Orb.
     0 | D:1      | Reached XP level 1. HP: 15/15 MP: 0/0
   406 | D:2      | Reached XP level 2. HP: 18/21 MP: 0/0
   468 | D:2      | Reached skill level 3 in Spellcasting
   624 | D:2      | Reached XP level 3. HP: 11/25 MP: 0/0
   624 | D:2      | Learned a level 1 spell: Pain
  1276 | D:2      | Found a burning altar of Makhleb.
  1902 | D:3      | Reached XP level 4. HP: 27/31 MP: 0/0
  3343 | D:4      | Reached skill level 4 in Spellcasting
  3343 | D:4      | Reached XP level 5. HP: 17/35 MP: 0/0
  3343 | D:4      | Learned a level 2 spell: Corpse Rot
  3345 | D:4      | Noticed Edmund
  3597 | D:3      | Slain by Edmund

Illustrated notes

Levels and vault maps discovered:
D:1:      erik_arrival_orb_chamber, layout_basic, basic_ecumenical_altar
D:2:      wad_pebble_path, layout_basic, basic_altar, minmay_statues_item
D:3:      layout_loops_ring, kennysheep_big_empty_room
D:4:      layout_layer_cave, minmay_shop_enchanted_jewellery, uniq_natasha,
          uniq_edmund

Skill      XL: |  1  2  3  4  5 |
---------------+----------------+-----
Spellcasting   | 3 4 |  4.0
Stealth        | 2 |  2.0
Dodging        | |  2.4

Action                   |  1- 3 |  4- 6 || total
-------------------------+-------+-------++-------
 Cast: Foxfire           |    77 |    61 ||   138
       Scorch            |     9 |     5 ||    14
       Inner Flame       |     2 |     6 ||     8
  Use: Scroll            |       |     1 ||     1
       Potion            |       |     1 ||     1
Dodge: Dodged            |     8 |     4 ||    12
